 Dungeon Crawl Stone Soup version 0.31.0-9-g3a7656b989 (webtiles) character file.

Game seed: 17194526032010820647

8 Colgate the Poker (level 2, 24/24 HPs)
             Began as a Demonspawn Cinder Acolyte on Feb 2, 2024.
             Was a High Priest of Ignis.
             Quit the game on level 1 of the Dungeon.
             The game lasted 00:00:10 (136 turns).

Colgate the Poker (Demonspawn Cinder Acolyte)        Turns: 136, Time: 00:00:10

Health: 24/24      AC:  2    Str: 14    XL:     2   Next: 0%
Magic:  3/3        EV: 11    Int: 14    God:    Ignis [*****.]
Gold:   24         SH:  0    Dex:  8    Spells: 3/3 levels left

rFire   + . .        a - -1 spear (flame)
rCold   . . .        (no shield)
rNeg    . . .        b - +0 robe
rPois   .            (no helmet)
rElec   .            (no cloak)
rCorr   .            (no gloves)
SInv    .            (no boots)
Will    .....        (no amulet)
Stlth   +            (no ring)
HPRegen 0.24/turn    (no ring)
MPRegen 0.08/turn

%: no passive effects
@: no status effects
A: spiny 1
a: Renounce Religion, Fiery Armour, Foxfire Swarm, Rising Flame


You were on level 1 of the Dungeon.
You worshipped Ignis.
Ignis was extremely pleased with you.
You visited 1 branch of the dungeon, and saw 1 of its levels.

You collected 24 gold pieces.

Inventory:

Hand Weapons
 a - a -1 spear of flaming (weapon)
Armour
 b - a +0 robe (worn)
Scrolls
 c - a scroll of enchant weapon {unknown}
 d - a scroll of amnesia {unknown}
 e - a scroll of identify {unknown}


   Skills:
 - Level 3.0 Fighting
 + Level 3.2 Polearms
 - Level 1.0 Spellcasting
 - Level 2.6 Fire Magic


You had 3 spell levels left.
You didn't know any spells.
Your spell library contained the following spells:

 Spells                   Type           Power      Damage    Failure   Level
 Scorch                   Fire           16%        2d5       13%         2


Dungeon Overview and Level Annotations

Branches:
Dungeon (1/15)

Altars:


Innate Abilities, Weirdness & Mutations

You are partially covered in sharp spines.


Message History

No target in view!
You see here a +0 short sword.
e - a scroll labelled HUR TOTWOWIN No target in view!
Key pressed, stopping explore.
No target in view!
A ball python comes into view.
You reach to attack!
You closely miss the ball python.
A ball python is nearby!
You closely miss the ball python. The ball python bites you.
The ball python grabs you. The ball python constricts you.
A ball python is nearby!
You closely miss the ball python. The ball python bites you.
The ball python constricts you.
A ball python is nearby!
You hit the ball python. You burn the ball python.
You kill the ball python!
Key pressed, stopping explore.
No target in view!
Key pressed, stopping explore.
No target in view!
Key pressed, stopping explore.
No target in view!
Key pressed, stopping explore.
No target in view!
A giant cockroach comes into view.
You see here a ball python corpse.
A giant cockroach is nearby!
A giant cockroach is nearby!
A giant cockroach is nearby!
You reach to attack!
You hit the giant cockroach. You burn the giant cockroach.
The giant cockroach bites you but does no damage.
A giant cockroach is nearby!
You hit the giant cockroach. You burn the giant cockroach.
You kill the giant cockroach!
You have reached level 2!
Your demonic ancestry asserts itself...
Sharp spines emerge from parts of your body.
You swing at nothing.
Are you sure you want to abandon this character and quit the game? (Confirm with "yes".)

### .. .. ... #. ..
....##.## #.#
....#...## #.#
#...@.####.#.#
#....=.....#.# #
#.....######.###.##
.####..†#######.......
.................##
.##############...##
##.....#####
#..)....##..
#.......##.#


There were no monsters in sight!

Vanquished Creatures
  A dart slug (D:1)
  2 giant cockroaches (D:1)
  A ball python (D:1)
  A kobold (D:1)
  2 rats (D:1)
7 creatures vanquished.

Notes
Turn   | Place    | Note
-------+----------+-------------------------------------------
     0 | D:1      | Colgate the Demonspawn Cinder Acolyte began the quest for
                  | the Orb.
     0 | D:1      | Reached XP level 1. HP: 18/18 MP: 2/2
   135 | D:1      | Gained mutation: You are partially covered in sharp spines.
                  | [demonic ancestry]
   135 | D:1      | Reached XP level 2. HP: 24/24 MP: 3/3
   136 | D:1      | Quit the game

Illustrated notes

Levels and vault maps discovered:
D:1:      dpeg_arrival_oval, layout_loops_ring

Skill      XL: |  1 |
---------------+----+-----
Polearms       | 3 |  3.2
Fighting       | |  3.0
Spellcasting   | |  1.0
Fire Magic     | |  2.6

Action                     || total
---------------------------++-------
  Melee: Spear             ||    18
 Armour: Robe              ||     4
  Dodge: Dodged            ||     2
